 Dungeon Crawl Stone Soup version 0.28.0 (webtiles) character file.

Game seed: 16928957927574442131

3 GrayStillPlays the Skirmisher (level 1, 0/18 HPs)
             Began as a Demonspawn Fighter on Feb 17, 2022.
             Slain by a quokka (3 damage)
             ... on level 1 of the Dungeon.
             The game lasted 00:00:52 (194 turns).

GrayStillPlays the Skirmisher (Demonspawn Fighter)   Turns: 194, Time: 00:00:52

Health: 0/18       AC:  6    Str: 16    XL:     1   Next: 41%
Magic:  1/1        EV:  8    Int:  9    God:
Gold:   45         SH:  4    Dex: 12    Spells: 0/0 levels left

rFire   . . .      SeeInvis .   a - +0 war axe {axe}
rCold   . . .      Faith    .   c - +0 buckler
rNeg    . . .      Spirit   .   b - +0 scale mail
rPois   .          Reflect  .   (no helmet)
rElec   .          Harm     .   (no cloak)
rCorr   .          Rampage  .   (no gloves)
Will    .....                   (no boots)
Stlth   ..........              (no amulet)
HPRegen 0.06/turn               (no ring)
MPRegen 0.07/turn               (no ring)

@: no status effects
A: no striking features
a: no special abilities


You were on level 1 of the Dungeon.
You visited 1 branch of the dungeon, and saw 1 of its levels.

You collected 45 gold pieces.


   Skills:
 + Level 3.0 Fighting
 + Level 1.8 Axes
 + Level 2.7 Armour
 + Level 2.7 Shields


You couldn't memorise any spells.
You didn't know any spells.
Your spell library was empty.

Inventory:

Hand Weapons
 a - a +0 war axe (weapon) {axe}
Missiles
 e - 41 stones (quivered) {throwing}
Armour
 b - a +0 scale mail (worn)
 c - a +0 buckler (worn)
Potions
 d - a potion of might

Dungeon Overview and Level Annotations

Branches:
Dungeon (1/15)

Altars:

#.# #.# #
#.# #K# #
#.# #.# #
#.# #.# #
#.# #.# #
#.# #.# #
#.# #
.#########.#
......r@...#
############


You could see a quokka.


Message History

A ball python is nearby!
A ball python is nearby!
You closely miss the ball python. The ball python closely misses you.
The ball python grabs you. The ball python constricts you.
You slash the ball python!
You kill the ball python!
No target in view!
No target in view!
No target in view!
Found a stone staircase leading down.
You now have 45 gold pieces (gained 11).
There is a stone staircase leading down here.
A kobold comes into view.
It is wielding a +1 short sword of venom.
The kobold shouts!
A kobold comes into view. It is wielding a +0 club.
The kobold moves out of view.
A kobold is nearby!
A kobold is nearby!
A kobold is nearby!
A dart slug comes into view.
The kobold shouts!
You block the kobold's attack.
You barely miss the kobold. You hit the kobold but do no damage.
The kobold hits you with a +1 short sword of venom.
You are poisoned.
The kobold barely misses you. 😕 HP[-4]
You take 4 damage, and now have 14/18 hp.
MASSIVE DAMAGE!! (PAUSE)
You feel very sick.
The kobold throws a stone.
The stone hits you but does no damage. 😮 HP[-3]
You take 3 damage, and now have 11/18 hp.
You feel sick.
The kobold throws a stone.
The stone hits you.
* * * LOW HITPOINT WARNING * * *
The kobold throws a stone.
The stone hits you but does no damage. 😨 HP[-3]
You take 3 damage, and now have 8/18 hp.
* * * LOW HITPOINT WARNING * * *
You feel sick.
The kobold throws a stone.
The stone hits you but does no damage. 😨 HP[-1]
You take 1 damage, and now have 7/18 hp.
* * * LOW HITPOINT WARNING * * *
You feel sick.
The kobold throws a stone.
The stone hits you but does no damage. 😨 HP[-2]
You take 2 damage, and now have 5/18 hp.
* * * LOW HITPOINT WARNING * * *
You feel sick. 😱 HP[-1]
You take 1 damage, and now have 4/18 hp.
* * * LOW HITPOINT WARNING * * *
You feel sick.
There is a stone staircase leading down here. 😱 HP[-1]
You take 1 damage, and now have 3/18 hp.
* * * LOW HITPOINT WARNING * * *
You feel sick.
The kobold throws a stone.
The stone hits you but does no damage. 😱 HP[-1]
You take 1 damage, and now have 2/18 hp.
* * * LOW HITPOINT WARNING * * *
You feel sick.
You are no longer poisoned. 😱 HP[-1]
You take 1 damage, and now have 1/18 hp.
The kobold throws a stone.
The stone barely misses you.
The kobold throws a stone.
The stone hits you but does no damage.
The kobold throws a stone.
The stone hits you but does no damage. 😱 HP[+1]
The kobold throws a stone.
The stone hits you but does no damage.
The kobold throws a stone.
The stone closely misses you.
A rat comes into view.
The rat bites you but does no damage.
You barely miss the rat. The rat closely misses you.
You hit the rat but do no damage. The rat bites you but does no damage.
The rat barely misses you.
You slash the rat!
You kill the rat! 😱 HP[+1]
You see here a rat corpse.
The kobold throws a stone.
The stone barely misses you.
The kobold throws a stone.
The stone closely misses you.
The kobold throws a stone.
The stone hits you.
* * * LOW HITPOINT WARNING * * *
😱 HP[-1]
You take 1 damage, and now have 2/18 hp.
The kobold throws a stone.
The stone barely misses you.
The kobold throws a stone.
The stone hits you but does no damage. 😱 HP[+1]
A quokka comes into view.
The quokka bites you but does no damage.
You barely miss the quokka. The quokka barely misses you.
You block the quokka's attack.
You hit the quokka but do no damage.
The quokka bites you but does no damage.
The quokka bites you.
You die...

Action                   || total
-------------------------++-------
Melee: War axe           ||    10
Armor: Scale mail        ||    13
Dodge: Dodged            ||    11
Block: Buckler           ||     3

Levels and vault maps discovered:
D:1:      zelgadis_glass_arrival_small, layout_basic,
          hellmonk_ecumenical_altar_watching_god

Notes
Turn   | Place    | Note
-------+----------+-------------------------------------------
     0 | D:1      | GrayStillPlays the Demonspawn Fighter began the quest for
                  | the Orb.
     0 | D:1      | Reached XP level 1. HP: 18/18 MP: 1/1
     0 | D:1      | magus.rc [v1.9.6]
   133 | D:1      | HP: 4/18 [poisoned by a kobold]
   136 | D:1      | HP: 1/18 [poisoned by a kobold]
   173 | D:1      | HP: 2/18 [kobold/stone (1)]
   194 | D:1      | Slain by a quokka

Vanquished Creatures
  A hobgoblin (D:1)
  A ball python (D:1)
  A kobold (D:1)
  A rat (D:1)
4 creatures vanquished.

Table legend:
 A = Non-vault XP
 B = Vault XP
 C = Vault XP percentage of total XP
 D = Non-vault monster count
 E = Vault monster count
 F = Vault count percentage of total count
                 A         B        C        D         E       F
            +---------+---------+-------+---------+---------+-------
      Total |       5 |       0 |   0.0 |       4 |       0 |   0.0
            +---------+---------+-------+---------+---------+-------
        D:1 |       5 |       0 |   0.0 |       4 |       0 |   0.0
            +---------+---------+-------+---------+---------+-------

Illustrated notes

Table legend:
 A = Kills in this place as a percentage of kills in entire the game.
 B = Kills by you in this place as a percentage of kills by you in the entire game.
 C = Kills by friends in this place as a percentage of kills by friends in the entire game.
 D = Other kills in this place as a percentage of other kills in the entire game.
 E = Experience gained in this place as a percentage of experience gained in the entire game.
 F = Experience gained in this place divided by the number of levels of this place that you have seen.
                   A       B       C       D       E      F
               +-------+-------+-------+-------+-------+----------------------
         Total | 100.0 | 100.0 |   N/A |   N/A | 100.0 |   5.0
       Dungeon | 100.0 | 100.0 |   N/A |   N/A | 100.0 |   5.0
               +-------+-------+-------+-------+-------+----------------------

Table legend: (Time is in decaauts)
 A = Elapsed time spent in this place.
 B = Non-inter-level travel time spent in this place.
 C = Inter-level travel time spent in this place.
 D = Time resting spent in this place.
 E = Time spent auto-exploring this place.
 F = Levels seen in this place.
 G = Mean time per level.
                   A        B        C        D        E       F      G
               +--------+--------+--------+--------+--------+-----+--------+
         Total |    198 |    198 |      0 |      0 |    109 |   1 |  198.0 |
       Dungeon |    198 |    198 |      0 |      0 |    109 |   1 |  198.0 |
               +--------+--------+--------+--------+--------+-----+--------+

Top non-repeatable levels by time:
     D:1: 198 daAuts
